 Dungeon Crawl Stone Soup version 0.29.1-12-g30fa7ad0bf (webtiles) character file.

Game seed: 4860408015329390091

105 hawla the Chiller (level 5, -5/40 HPs)
             Began as a Meteoran Ice Elementalist on Dec 31, 2022.
             Slain by a gnoll
             ... wielding a +1 halberd of protection
              (9 damage)
             ... on level 4 of the Dungeon.
             The game lasted 00:03:05 (534 turns).

hawla the Chiller (Meteoran Ice Elementalist)        Turns: 534, Time: 00:03:05

Health: -5/40      AC:  2    Str: 16    XL:     5   Next: 30%
Magic:  11/12      EV: 13    Int: 18    God:
Gold:   38         SH:  0    Dex: 15    Spells: 8/12 levels left

rFire   . . .      SeeInvis .   f - +4 dagger of the Pits of Slime {pain, Fragile Str+7}
rCold   . . .      Faith    .   (no shield)
rNeg    . . .      Spirit   .   a - +0 robe
rPois   .          Reflect  .   (no helmet)
rElec   .          Harm     .   (no cloak)
rCorr   .          Rampage  .   (no gloves)
Will    .....                   (no boots)
Stlth   +.........              (no amulet)
HPRegen 0.13/turn               (no ring)
MPRegen 0.13/turn               (no ring)

@: confused, ambrosia-drunk, freezing walls, hasted, glowing, very quick
A: sense surroundings 1, otherworldly, glowing, explore regen
a: no special abilities


You were on level 4 of the Dungeon.
You visited 1 branch of the dungeon, and saw 4 of its levels.

You collected 38 gold pieces.

Inventory:

Hand Weapons
 f - the +4 dagger of the Pits of Slime (weapon) {pain, Fragile Str+7}
   (You found it on level 2 of the Dungeon)

   In the hands of one skilled in necromantic magic, it inflicts extra damage on
   living creatures.
   Str:       It affects your strength (+7).
   Fragile:   It will be destroyed if unequipped.
Armour
 a - a +0 robe (worn)
Scrolls
 d - a scroll of brand weapon {unknown}
 e - a scroll of immolation {unknown}
 g - a scroll of noise {unknown}
 h - a scroll of identify {unknown}
Potions
 b - a potion of magic
 i - a potion of ambrosia


   Skills:
 + Level 1.0 Fighting
 + Level 0.7 Short Blades
 + Level 2.7 Dodging
 - Level 1.4 Stealth
 - Level 0.4 Unarmed Combat
 + Level 4.0 Spellcasting
 + Level 5.5 Ice Magic


You had 8 spell levels left.
You knew the following spells:

 Your Spells              Type           Power      Damage    Failure   Level
a - Freeze                Ice            92%        1d10      1%          1
b - Frozen Ramparts       Ice            46%        1d7       4%          3

Your spell library contained the following spells:

 Spells                   Type           Power      Damage    Failure   Level
 Ozocubu's Armour         Ice            23%        N/A       4%          3
 Hailstorm                Conj/Ice       13%        3d5       43%         4


Dungeon Overview and Level Annotations

Branches:
Dungeon (4/15) Zot: 1866
 Temple: D:4-7

Altars:
Okawaru


Innate Abilities, Weirdness & Mutations

You passively map a small area around you.
You are easily found by Zot.
You glow in the dark.
You regain HP and MP as you explore.


Message History

The walls around you are covered in ice.
The wall freezes the gnoll but does no damage.
The gnoll hits you but does no damage.
The wall freezes the gnoll. x2
The gnoll closely misses you.
Unknown command.
Casting: Frozen Ramparts (dangerous; 4% risk of failure)
Confirm with . or Enter, or press ? or * to list all spells.
Aiming: Freeze (safe; 1% risk of failure)
Press: ? - help, Shift-Dir - straight line, f - gnoll
Aim: a gnoll, wielding a +0 club (moderately wounded)
You freeze the gnoll.
The gnoll is heavily wounded.
The wall freezes the gnoll.
The gnoll closely misses you.
The wall freezes the gnoll. x2
The gnoll hits you from afar with a +1 halberd of protection.
* * * LOW HITPOINT WARNING * * *
The wall freezes the scorpion.
It was a potion of haste.
You feel yourself speed up.
The wall freezes the gnoll.
You kill the gnoll!
The wall freezes the gnoll.
The gnoll hits you with a +0 whip!
* * * LOW HITPOINT WARNING * * *
The wall freezes the gnoll but does no damage.
The gnoll barely misses you.
The wall freezes the scorpion.
Your Fighting skill increases to level 1!
It was a potion of ambrosia.
You are confused.
You feel invigorated.
The wall freezes the gnoll.
You kill the gnoll!
The wall freezes the gnoll.
The gnoll hits you from afar with a +1 halberd of protection.
* * * LOW HITPOINT WARNING * * *
The wall freezes the scorpion.
The scorpion closely misses you.
Your Spellcasting skill increases to level 4!
Your frozen ramparts will break if you move.
Continue?
You closely miss the scorpion.
The scorpion is severely wounded.
The wall freezes the gnoll but does no damage.
The gnoll hits you from afar with a +1 halberd of protection!
You die...

* * .... * * #..#
,*#..# , , * ...#
* * * #,, #..###
* , #. #g... . *
#>.##)s####.#
#...)@.......
*.....##.#....!.
,* .
#.#**##.#.###.# ,
* *#.#, *
#......... , #..
#>.#.###(# ,
##..######....# ,
.........#..#.# *
,
...♣...#.....#.#
*
...♣.♣..........#
,


You could see a scorpion and a gnoll.

Vanquished Creatures
  A scorpion (D:4)
  2 gnolls (D:4)
  An orc (D:3)
  A ball python (D:1)
  An endoplasm (D:4)
  5 hobgoblins
  8 jackals
  A frilled lizard (D:2)
  A goblin (D:1)
  A kobold (D:1)
  2 rats
24 creatures vanquished.

Notes
Turn   | Place    | Note
-------+----------+-------------------------------------------
     0 | D:1      | hawla the Meteoran Ice Elementalist began the quest for the
                  | Orb.
     0 | D:1      | Reached XP level 1. HP: 14/14 MP: 5/5
   137 | D:1      | Reached XP level 2. HP: 17/20 MP: 4/6
   302 | D:2      | Reached XP level 3. HP: 26/26 MP: 2/8
   311 | D:2      | Reached skill level 5 in Ice Magic
   320 | D:2      | Identified the +4 dagger of the Pits of Slime {pain,
                  | Fragile Str+7}
   491 | D:4      | Found an iron altar of Okawaru.
   493 | D:4      | Noticed a scorpion
   498 | D:4      | Killed a scorpion
   499 | D:4      | Reached XP level 4. HP: 34/34 MP: 6/10
   499 | D:4      | Reached XP level 5. HP: 39/39 MP: 6/11
   503 | D:4      | Learned a level 3 spell: Frozen Ramparts
   533 | D:4      | Reached skill level 1 in Fighting
   533 | D:4      | HP: 1/40 [gnoll/+1 halberd of protection (5)]
   534 | D:4      | Slain by a gnoll

Illustrated notes

Levels and vault maps discovered:
D:1:      psy_arrival_fountain, layout_loops_cross
D:2:      layout_rooms
D:3:      layout_loops_cross, corexii_leaking_fountain
D:4:      layout_loops_ring, mainiacjoe_overflow_concentric_impassable,
          okawaru_trees_2, gammafunk_ghost_arena, minmay_between, uniq_ijyb

Skill      XL: |  1  2  3  4  5 |
---------------+----------------+-----
Spellcasting   | 3 4 |  4.0
Ice Magic      | 5 |  5.5
Fighting       | 1 |  1.0
Short Blades   | |  0.7
Dodging        | |  2.7
Stealth        | |  1.4
Unarmed Combat | |  0.4

Action                   |  1- 3 |  4- 6 || total
-------------------------+-------+-------++-------
Melee: Unarmed           |    16 |       ||    16
       Dagger            |    13 |     7 ||    20
 Cast: Freeze            |    24 |     1 ||    25
       Frozen Ramparts   |       |     1 ||     1
  Use: Potion            |       |     2 ||     2
Armor: Robe              |     9 |     1 ||    10
Dodge: Dodged            |    31 |     5 ||    36
